 Dungeon Crawl Stone Soup version 0.30-a0-629-gd54f4be4f7 (webtiles) character file.

Game seed: 12976777868012016636

67 acebull12 the Trooper (level 4, 0/35 HPs)
             Began as a Demonspawn Fighter on Jan 12, 2023.
             Slain by a hobgoblin (3 damage)
             ... led by Robin
             ... on level 3 of the Dungeon.
             The game lasted 00:02:32 (1726 turns).

acebull12 the Trooper (Demonspawn Fighter)          Turns: 1726, Time: 00:02:32

Health: 0/35       AC:  8    Str: 18    XL:     4   Next: 0%
Magic:  4/4        EV:  9    Int:  9    God:
Gold:   159        SH:  6    Dex: 13    Spells: 3/3 levels left

rFire   . . .      SeeInvis .    a - +0 trident
rCold   . . .      Faith    .    g - +2 buckler
rNeg    . . .      Spirit   .    b - +0 scale mail
rPois   .          Reflect  .    (no helmet)
rElec   .          Harm     .    (no cloak)
rCorr   .          Rampage  .    (no gloves)
Will    .....                    e - +0 pair of boots Stlth
                                 (no amulet)
HPRegen 0.25/turn                (no ring)
MPRegen 0.09/turn                (no ring)

@: no status effects
A: hooves 1, ignite blood 2
a: no special abilities


You were on level 3 of the Dungeon.
You visited 1 branch of the dungeon, and saw 3 of its levels.

You collected 159 gold pieces.

Inventory:

Hand Weapons
 a - a +0 trident (weapon)
Missiles
 j - 24 stones (quivered)
 k - 2 poisoned darts
 l - 2 atropa-tipped darts
Armour
 b - a +0 scale mail (worn)
 e - a +0 pair of boots (worn)
 g - a +2 buckler (worn)
Wands
 m - a wand of acid (8)
Scrolls
 f - a scroll of teleportation {unknown}
 h - a scroll of fog {unknown}
 o - a scroll of immolation {unknown}
 p - a scroll of vulnerability {unknown}
Potions
 c - a potion of mutation {unknown}
 d - a potion of might
 i - a potion of flight {unknown}
 n - a potion of ambrosia {unknown}


   Skills:
 + Level 3.4 Fighting
 * Level 2.8 Polearms
 * Level 3.3 Armour
 * Level 2.9 Shields


You had 3 spell levels left.
You didn't know any spells.
Your spell library was empty.

Dungeon Overview and Level Annotations

Branches:
Dungeon (3/15)

Altars:

Annotations:
D:3 Robin


Innate Abilities, Weirdness & Mutations

You have large cloven feet.
Your demonic aura often causes spilled blood to erupt in flames.


Message History

You hit the goblin.
You kill the goblin!
The goblin no longer looks unusually strong.
Robin flexes a bicep menacingly.
Robin roars a battlecry!
The goblin goes into a battle-frenzy!
The hobgoblin hits you. You block the hobgoblin's attack.
You have reached level 4!
You feel agile.
Your demonic ancestry asserts itself...
Your blood runs red-hot!
You hit the hobgoblin but do no damage. The hobgoblin hits you.
Robin throws the goblin at you!
You closely miss the goblin.
Robin says, "My army is invincible!"
You block Robin's attack. The hobgoblin hits you.
The goblin hits you with a +3 dagger.
* * * LOW HITPOINT WARNING * * *
A goblin comes into view. It is wielding a +0 dagger.
You closely miss the goblin.
The hobgoblin no longer looks unusually strong.
You block the hobgoblin's attack.
Robin roars a battlecry!
The hobgoblin goes into a battle-frenzy!
The goblin completely misses you.
A goblin comes into view. It is wielding a +0 dagger.
You barely miss the goblin.
Robin roars a battlecry!
The goblin goes into a battle-frenzy!
The hobgoblin closely misses you. The goblin hits you with a +3 dagger.
* * * LOW HITPOINT WARNING * * *
The goblin hits you but does no damage. The hobgoblin closely misses you.
You completely miss the goblin. The hobgoblin barely misses you.
Robin says, "Feeling lonely?"
Robin hits you from afar with a +0 trident.
* * * LOW HITPOINT WARNING * * *
The goblin hits you but does no damage.
You barely miss the goblin.
The goblin no longer looks unusually strong.
The hobgoblin hits you.
You die...

w...... # #....
#. ....
#..##.########
#>g..g..S.....
g.g..#g########
.g. #g# #####
#g# #...# #@#
#.<.## #g#
#..†.# #.#
##...####.#
#†...#...#
##....#.##
#.8....#
#....###
#.)..##


You could see Robin, a hobgoblin (strong) and 3 goblins.

Vanquished Creatures
  4 adders
  A dart slug (D:3)
  6 goblins
  6 hobgoblins
  A kobold (D:1)
  2 quokkas (D:2)
  2 ball pythons
  A bat (D:2)
  4 frilled lizards (D:2)
  3 rats
30 creatures vanquished.

Notes
Turn   | Place    | Note
-------+----------+-------------------------------------------
     0 | D:1      | acebull12 the Demonspawn Fighter began the quest for the
                  | Orb.
     0 | D:1      | Reached XP level 1. HP: 18/18 MP: 1/1
   518 | D:1      | You fall into a shaft and drop 1 floor!
   620 | D:2      | Gained mutation: You have large cloven feet. [demonic
                  | ancestry]
   620 | D:2      | Reached XP level 2. HP: 24/24 MP: 2/2
  1263 | D:2      | Gained mutation: Your demonic aura sometimes causes spilled
                  | blood to erupt in flames. [demonic ancestry]
  1263 | D:2      | Reached XP level 3. HP: 26/29 MP: 3/3
  1706 | D:3      | Noticed Robin
  1721 | D:3      | Gained mutation: Your demonic aura often causes spilled
                  | blood to erupt in flames. [demonic ancestry]
  1721 | D:3      | Reached XP level 4. HP: 19/35 MP: 4/4
  1726 | D:3      | Slain by a hobgoblin

Illustrated notes

Levels and vault maps discovered:
D:1:      nagdon_arrival_double_spiral, layout_basic, serial_corexii_hall,
          corexii_hall_statues_s, corexii_hall_statues_u, corexii_hall_statues_i
D:2:      layout_basic
D:3:      layout_basic, lemuel_doored_altar, mainiacjoe_overflow_alcove_2,
          shapermc_ecumenical_altar_mp_ritualfount, grunt_ministairs_12,
          uniq_robin, uniq_natasha, uniq_grinder

Skill      XL: |  1  2 |
---------------+-------+-----
Armour         | 3 |  3.3
Polearms       | 2 |  2.8
Fighting       | |  3.4
Shields        | |  2.9

Action                   |  1- 3 |  4- 6 || total
-------------------------+-------+-------++-------
Melee: Trident           |   105 |     6 ||   111
Armor: Scale mail        |    45 |     3 ||    48
Dodge: Dodged            |    27 |     4 ||    31
Block: Buckler           |    29 |     2 ||    31

Table legend: (Time is in decaauts)
 A = Elapsed time spent in this place.
 B = Non-inter-level travel time spent in this place.
 C = Inter-level travel time spent in this place.
 D = Time resting spent in this place.
 E = Time spent auto-exploring this place.
 F = Levels seen in this place.
 G = Mean time per level.
                   A        B        C        D        E       F      G
               +--------+--------+--------+--------+--------+-----+--------+
         Total |   1750 |   1477 |    273 |      0 |   1210 |   3 |  583.3 |
       Dungeon |   1750 |   1477 |    273 |      0 |   1210 |   3 |  583.3 |
               +--------+--------+--------+--------+--------+-----+--------+

Top non-repeatable levels by time:
     D:1: 1082 daAuts
     D:2: 596 daAuts
     D:3: 71 daAuts
